 Dungeon Crawl Stone Soup version 0.30-a0-222-ge547ba4400 (webtiles) character file.

Game seed: 1031605445166021065

22 Aibolit the Trooper (level 2, 27/27 HPs)
             Began as a Hill Orc Fighter on Oct 8, 2022.
             Was a Follower of Wu Jian.
             Quit the game on level 2 of the Dungeon.
             The game lasted 00:02:02 (1180 turns).

Aibolit the Trooper (Hill Orc Fighter)              Turns: 1180, Time: 00:02:03

Health: 27/27      AC:  8    Str: 18    XL:     2   Next: 91%
Magic:  2/2        EV:  9    Int:  8    God:    Wu Jian [*.....]
Gold:   14         SH:  4    Dex: 10    Spells: 1/1 levels left

rFire   . . .      SeeInvis .    a - +1 war axe
rCold   . . .      Faith    .    c - +0 buckler
rNeg    . . .      Spirit   .    b - +0 scale mail
rPois   .          Reflect  .    (no helmet)
rElec   .          Harm     .    (no cloak)
rCorr   .          Rampage  .    l - +0 pair of gloves
Will    .....                    (no boots)
Stlth   ..........               (no amulet)
HPRegen 0.24/turn                k - ring of flight
MPRegen 0.08/turn                (no ring)

@: flying
A: no striking features
a: Renounce Religion


You were on level 2 of the Dungeon.
You worshipped Wu Jian.
Wu Jian was aware of your devotion.
You visited 1 branch of the dungeon, and saw 2 of its levels.

You collected 14 gold pieces.

Inventory:

Hand Weapons
 a - a +1 war axe (weapon)
Armour
 b - a +0 scale mail (worn)
 c - a +0 buckler (worn)
 l - a +0 pair of gloves (worn)
Jewellery
 k - a ring of flight (left hand)
Scrolls
 e - a scroll of poison
 g - a scroll of enchant armour {unknown}
 i - a scroll of enchant weapon
 j - a scroll of fear {unknown}
 m - a scroll of blinking {unknown}
Potions
 d - a potion of might
 f - a potion of brilliance {unknown}
 h - a potion of degeneration {unknown}


   Skills:
 + Level 3.9 Fighting
 + Level 3.6 Axes
 + Level 3.4 Armour
 + Level 0.1 Dodging
 + Level 3.4 Shields


You had one spell level left.
You didn't know any spells.
Your spell library was empty.

Dungeon Overview and Level Annotations

Branches:
Dungeon (2/15)

Altars:
Wu Jian


Message History

A rat comes into view.
You spin and attack the rat.
You barely miss the rat. The rat bites you but does no damage.
You slash the rat!
You kill the rat!
The Council accepts your kill.
Found a whip.
The rat twitches its whiskers.
You slash the rat!
You kill the rat!
The Council accepts your kill.
No target in view!
No target in view!
A ball python comes into view.
The ball python hisses angrily.
A quokka comes into view.
You lunge at the ball python.
You hit the ball python.
The ball python is severely wounded.
The ball python bites you but does no damage.
The ball python grabs you. The ball python constricts you.
You hit the ball python.
You kill the ball python!
The Council accepts your kill.
A rat comes into view.
The quokka bites you but does no damage.
You block the quokka's attack.
The rat moves out of view.
You see here a ball python corpse.
You hit the quokka.
The quokka is moderately wounded.
The quokka barely misses you.
You spin and attack the quokka.
You closely miss the quokka.
The quokka is moderately wounded.
The quokka barely misses you.
You barely miss the quokka.
The quokka is moderately wounded.
The quokka bites you but does no damage. x2
You barely miss the quokka.
The quokka is moderately wounded.
The quokka bites you but does no damage. x2
Are you sure you want to abandon this character and quit the game? (Confirm with "yes".)

.... ... ..
..######## ...
........#
.#.##.......###
..............#
.....r)........
####.r@.......
##.....†#......
##..............
#.<.............
#..........#...#
.#.....†....#
###
.............#
..#......>...#
##......†.##


You could see a quokka and a rat.

Vanquished Creatures
  A dart slug (D:1)
  An endoplasm (D:1)
  2 goblins (D:1)
  3 hobgoblins (D:1)
  2 quokkas (D:1)
  A ball python (D:2)
  3 bats (D:1)
  2 kobolds (D:1)
  5 rats
20 creatures vanquished.

Vanquished Creatures (others)
  3 fungi (D:1)
  4 plants (D:1)
7 creatures vanquished.

Grand Total: 27 creatures vanquished

Notes
Turn   | Place    | Note
-------+----------+-------------------------------------------
     0 | D:1      | Aibolit the Hill Orc Fighter began the quest for the Orb.
     0 | D:1      | Reached XP level 1. HP: 19/19 MP: 1/1
   238 | D:1      | Found a faded altar of an unknown god.
   251 | D:1      | Prayed at the altar of an unknown god.
   251 | D:1      | Became a worshipper of the Wu Jian Council
   251 | D:1      | Reached * piety under Wu Jian
   371 | D:1      | Reached XP level 2. HP: 27/27 MP: 2/2
  1180 | D:2      | Quit the game

Illustrated notes

Levels and vault maps discovered:
D:1:      lightli_arrival_noodles, layout_basic,
          shapermc_ecumenical_altar_mp_urbaneastern, minmay_misc_feat_ornament
D:2:      layout_rooms

Skill      XL: |  1 |
---------------+----+-----
Axes           | 3 |  3.6
Fighting       | |  3.9
Armour         | |  3.4
Dodging        | |  0.1
Shields        | |  3.4

Action                   || total
-------------------------++-------
Melee: War axe           ||    74
Invok: Lunge             ||    10
       Whirlwind         ||     2
  Use: Scroll            ||     2
Armor: Scale mail        ||    35
Dodge: Dodged            ||    25
Block: Buckler           ||     9

Table legend: (Time is in decaauts)
 A = Elapsed time spent in this place.
 B = Non-inter-level travel time spent in this place.
 C = Inter-level travel time spent in this place.
 D = Time resting spent in this place.
 E = Time spent auto-exploring this place.
 F = Levels seen in this place.
 G = Mean time per level.
                   A        B        C        D        E       F      G
               +--------+--------+--------+--------+--------+-----+--------+
         Total |   1202 |   1118 |     84 |    200 |    740 |   2 |  601.0 |
       Dungeon |   1202 |   1118 |     84 |    200 |    740 |   2 |  601.0 |
               +--------+--------+--------+--------+--------+-----+--------+

Top non-repeatable levels by time:
     D:1: 1182 daAuts
     D:2: 19 daAuts
